 Dungeon Crawl Stone Soup version 0.30.1-11-g7821555f0a (webtiles) character file.

Game seed: 4996644899200884165

63 SacredBeard the Vexing (level 3, -1/20 HPs)
             Began as a Deep Elf Hexslinger on Oct 31, 2023.
             Slain by a cerulean imp
             ... wielding a +2 spear
             ... summoned by Natasha
              (2 damage)
             ... on level 2 of the Dungeon.
             The game lasted 00:06:40 (1662 turns).

SacredBeard the Vexing (Deep Elf Hexslinger)        Turns: 1662, Time: 00:06:41

Health: -1/20      AC:  3    Str:  7    XL:     3   Next: 87%
Magic:  1/8        EV: 13    Int: 17    God:
Gold:   91         SH:  0    Dex: 17    Spells: 3/7 levels left

rFire   . . .        o - +2 dagger (freeze)
rCold   . . .        (no shield)
rNeg    . . .        c - +0 robe
rPois   .            (no helmet)
rElec   .            (no cloak)
rCorr   .            (no gloves)
SInv    .            h - +0 pair of boots
Will    .....        (no amulet)
Stlth   ++           (no ring)
HPRegen 0.23/turn    (no ring)
MPRegen 0.11/turn

%: no passive effects
@: no status effects
A: no striking features
a: no special abilities


You were on level 2 of the Dungeon.
You visited 1 branch of the dungeon, and saw 2 of its levels.

You collected 91 gold pieces.

Inventory:

Hand Weapons
 a - a +1 sling
 o - a +2 dagger of freezing (weapon)
Armour
 c - a +0 robe (worn)
 h - a +0 pair of boots (worn)
 n - a +0 leather armour
Jewellery
 i - an amulet of faith
Scrolls
 b - a scroll of poison
 d - 2 scrolls of vulnerability {unknown}
 e - a scroll of enchant armour {unknown}
 g - a scroll of silence {unknown}
 k - a scroll of teleportation {unknown}
 m - 2 scrolls of identify {unknown}
 p - a scroll of amnesia {unknown}
Potions
 f - a potion of degeneration {unknown}
 j - a potion of curing
 l - a potion of might {unknown}


   Skills:
 - Level 1.0 Fighting
 + Level 3.4 Ranged Weapons
 - Level 1.0 Armour
 + Level 3.1 Dodging
 + Level 2.5 Spellcasting
 + Level 4.5 Hexes


You had 3 spell levels left.
You knew the following spells:

 Your Spells              Type           Power      Damage    Failure   Level
a - Slow                  Hex            68%        N/A       2%          1
b - Inner Flame           Hex/Fire       9%         N/A       22%         3

Your spell library contained the following spells:

 Spells                   Type           Power      Damage    Failure   Level
 Portal Projectile        Hex/Tloc       18%        N/A       22%         3
 Cause Fear               Hex            8%         N/A       28%         4


Dungeon Overview and Level Annotations

Branches:
Dungeon (2/15) Zot: 10325

Altars:

Annotations:
D:2 Natasha, Sigmund


Message History

The sling bullet closely misses Natasha.
Fire: a) +1 sling
Press: ? - help, Shift-Dir - straight line, f/p - Natasha
Aim: Natasha (slow, 51% to hit)
You shoot a sling bullet. The sling bullet barely misses Natasha.
Fire: a) +1 sling
Press: ? - help, Shift-Dir - straight line, f/p - Natasha
Aim: Natasha (slow, 51% to hit)
You shoot a sling bullet. The sling bullet hits Natasha!
Natasha is heavily wounded.
Your +2 dagger of freezing glows with a cold blue light!
o - a +2 dagger of freezing (weapon)
Natasha barely misses you.
You hit Natasha. You freeze Natasha.
Natasha is almost dead.
You barely miss Natasha.
Natasha is almost dead.
Natasha casts a spell.
You closely miss Natasha.
Natasha is almost dead.
Natasha stares at you and mumbles some strange words.
The magic dart hits you!
* * * LOW HITPOINT WARNING * * *
The cerulean imp closely misses you.
You barely miss Natasha.
Natasha is almost dead.
Natasha drinks a potion.
Natasha is healed!
The cerulean imp hits you but does no damage.
You hit Natasha. You freeze Natasha.
Natasha is heavily wounded.
The cerulean imp hits you from afar with a +2 spear.
* * * LOW HITPOINT WARNING * * *
You hit Natasha but do no damage.
Natasha is heavily wounded.
Natasha misses you. The cerulean imp misses you.
You closely miss Natasha.
Natasha is heavily wounded.
Natasha closely misses you.
The cerulean imp hits you from afar with a +2 spear.
You die...

#..##.##..)....
#.....##.......
#...####.......
#...# #.......
#...# ########
#...# #...#####
#####.......#
#.@....####.#######
#h####............#
#5 #####..#####.#
.. ##..# #.# ...
##.####.# ....
#....#.# .....
######.... ##....
#..........
#..........


You could see Natasha (slow) and a cerulean imp (summoned).

Vanquished Creatures
  2 adders (D:2)
  5 endoplasms
  A giant cockroach (D:2)
  2 goblins (D:2)
  3 hobgoblins
  8 jackals (D:1)
  3 kobolds
  4 quokkas
  4 ball pythons
  4 bats (D:1)
  A frilled lizard (D:1)
  A rat (D:2)
38 creatures vanquished.

Notes
Turn   | Place    | Note
-------+----------+-------------------------------------------
     0 | D:1      | SacredBeard the Deep Elf Hexslinger began the quest for the
                  | Orb.
     0 | D:1      | Reached XP level 1. HP: 11/11 MP: 5/5
   134 | D:1      | Reached XP level 2. HP: 16/16 MP: 6/6
   160 | D:1      | Reached skill level 1 in Fighting
   795 | D:2      | Reached XP level 3. HP: 18/20 MP: 8/8
   799 | D:2      | Learned a level 3 spell: Inner Flame
  1116 | D:2      | Reached skill level 1 in Armour
  1326 | D:2      | Noticed Sigmund
  1646 | D:2      | Noticed Natasha
  1660 | D:2      | HP: 1/20 [cerulean imp/+2 spear[Natasha] (2)]
  1662 | D:2      | Slain by a cerulean imp

Illustrated notes

Levels and vault maps discovered:
D:1:      dpeg_arrival_boxorama, layout_loops_ring
D:2:      layout_basic, hellmonk_ecumenical_altar_run_dry, uniq_natasha,
          uniq_sigmund

Skill      XL: |  1  2  3 |
---------------+----------+-----
Ranged Weapons | 3 |  3.4
Fighting       | 1 |  1.0
Spellcasting   | 2 |  2.5
Dodging        | 3 |  3.1
Armour         | 1 |  1.0
Hexes          | |  4.5

Action                     || total
---------------------------++-------
  Melee: Dagger            ||    15
   Fire: Sling             ||   117
   Cast: Slow              ||    11
         Inner Flame       ||     3
 Armour: Robe              ||    21
         Skin              ||     4
  Dodge: Dodged            ||    84
